 Dungeon Crawl Stone Soup version 0.23.0 (webtiles) character file.

Game seed: 3592616439271292171

57106 Kairos the Severer (level 14, -4/76 HPs)
             Began as a Vine Stalker Fighter on Feb 12, 2019.
             Was the Champion of Cheibriados.
             Slain by a salamander
             ... wielding a +0 trident
              (11 damage)
             ... on level 1 of the Snake Pit.
             The game lasted 00:34:30 (14272 turns).

Kairos the Severer (Vine Stalker Fighter)          Turns: 14272, Time: 00:34:32

Health: -4/76      AC: 28    Str: 40    XL:     14   Next: 84%
Magic:  0/20       EV: 12    Int: 23    God:    Cheibriados [******]
Gold:   1294       SH:  0    Dex: 28    Spells: 10/13 levels left

rFire    . . .     SeeInvis .   I - +4 battleaxe (vamp)
rCold    . . .     Gourm    .   (shield currently unavailable)
rNeg     . . .     Faith    .   B - +0 plate armour
rPois    .         Spirit   +   o - +2 hat
rElec    .         Reflect  .   N - +2 cloak {MR+}
rCorr    .         Harm     .   j - +0 pair of gloves
MR       ++...                  t - +0 pair of boots
Stlth    ..........             y - amulet of the acrobat
HPRegen  1.02/turn              p - +3 ring of protection
MPRegen  0.17/turn              W - +3 ring of protection

@: lethally poisoned (-4 -> -4), studying Shields, very slow
A: fangs 3, regeneration 2, magic shield, antimagic bite, no potion heal 3, rot
immunity
a: Bend Time, Temporal Distortion, Slouch, Step From Time, Renounce Religion


You were on level 1 of the Snake Pit.
You worshipped Cheibriados.
Cheibriados was exalted by your worship.
You were hungry.

You visited 3 branches of the dungeon, and saw 19 of its levels.

You collected 1294 gold pieces.

Inventory:

Hand Weapons
 b - a +7 blowgun
 s - the +6 morningstar of Disharmony {freeze, rElec}
   (You found it on level 5 of the Lair of Beasts)

   It has been specially enchanted to freeze those struck by it, causing extra
   injury to most foes and up to half again as much damage against particularly
   susceptible opponents.
   It can also slow down cold-blooded creatures.
   It insulates you from electricity.
 I - a +4 vampiric battleaxe (weapon)
 M - the +3 spear of Joyful Slaughter {flame, -Tele rF+ rC++}
   (You found it on level 9 of the Dungeon)

   It has been specially enchanted to burn those struck by it, causing extra
   injury to most foes and up to half again as much damage against particularly
   susceptible opponents.
   It protects you from fire.
   It greatly protects you from cold.
   It prevents most forms of teleportation.
Missiles
 a - 5 javelins of penetration
 z - 3 tomahawks of dispersal (quivered)
 Y - 3 throwing nets
 Z - 5 curare-tipped needles
Armour
 c - a +0 shield
 j - a +0 pair of gloves (worn)
 o - a +2 hat (worn)
 t - a +0 pair of boots (worn)
 B - a +0 plate armour (worn)
 N - a +2 cloak of magic resistance (worn)
Jewellery
 i - an uncursed ring of ice
 p - a +3 ring of protection (left hand)
 y - an amulet of the acrobat (around neck)
 A - an uncursed ring of see invisible
 W - a +3 ring of protection (right hand)
Wands
 D - a wand of disintegration (9)
 G - a wand of iceblast (28)
 Q - a wand of paralysis (14)
 X - a wand of acid (7)
Scrolls
 h - 5 scrolls of teleportation
 q - 4 scrolls of fear
 u - 16 scrolls of remove curse
 w - 3 scrolls of amnesia
 x - 7 scrolls of magic mapping
 C - 3 scrolls of blinking
 E - 2 scrolls of torment {unknown}
 H - 2 scrolls of noise {unknown}
 K - a scroll of summoning
 L - a scroll of fog {unknown}
 O - 2 scrolls of holy word {unknown}
 U - a scroll of vulnerability {unknown}
Potions
 d - 2 potions of might
 e - a potion of resistance
 g - 10 potions of curing {unknown}
 l - 4 potions of lignification {unknown}
 m - 2 potions of mutation {unknown}
 n - a potion of flight {unknown}
 r - 4 potions of haste {unknown}
 v - 6 potions of agility {unknown}
 J - 3 potions of brilliance {unknown}
 P - a potion of magic {unknown}
 R - 6 potions of degeneration {unknown}
 S - a potion of ambrosia {unknown}
 V - a potion of invisibility {unknown}
Books
 T - a manual of Shields
Comestibles
 f - 30 rations


   Skills:
 + Level 9.9 Fighting
 + Level 15.3(15.4) Axes
 + Level 1.7(10.4) Maces & Flails
 + Level 2.0(10.5) Polearms
 + Level 9.6 Armour
 + Level 3.3 Dodging
 + Level 2.0 Stealth
 - Level 7.3 Shields
 - Level 7.7 Invocations
 + Level 0.2 Evocations


You had 10 spell levels left.
You knew the following spells:

 Your Spells              Type           Power        Failure   Level  Hunger
a - Regeneration          Chrm/Necr      #.........   91%         3    ####...

Your spell library contained the following spells:

 Spells                   Type           Power        Failure   Level  Hunger
 Animate Skeleton         Necr           N/A          58%         1    ##.....
 Apportation              Tloc           #.....       58%         1    ##.....
 Beastly Appendage        Tmut           #.....       58%         1    ##.....
 Confusing Touch          Hex            #.....       58%         1    ##.....
 Corona                   Hex            #......      58%         1    ##.....
 Magic Dart               Conj           #...         58%         1    ##.....
 Pain                     Necr           #...         58%         1    ##.....
 Shock                    Conj/Air       #...         58%         1    ##.....
 Summon Small Mammal      Summ           #...         58%         1    ##.....
 Blink                    Tloc           N/A          73%         2    ###....
 Call Imp                 Summ           #.......     73%         2    ###....
 Ensorcelled Hibernation  Hex/Ice        #.....       73%         2    ###....
 Slow                     Hex            #.......     73%         2    ###....
 Sticks to Snakes         Tmut           #.......     73%         2    ###....
 Swiftness                Chrm/Air       #.......     73%         2    ###....
 Confuse                  Hex            #.......     91%         3    ####...
 Conjure Flame            Conj/Fire      #.......     91%         3    ####...
 Dazzling Spray           Conj/Hex       #.....       91%         3    ####...
 Mephitic Cloud           Conj/Pois/Air  #.......     91%         3    ####...
 Spider Form              Tmut/Pois      #.........   91%         3    ####...
 Static Discharge         Conj/Air       #.......     91%         3    ####...
 Tukima's Dance           Hex            #.......     91%         3    ####...
 Vampiric Draining        Necr           #.........   91%         3    ####...
 Airstrike                Air            #.........   100%        4    #####..
 Animate Dead             Necr           N/A          100%        4    #####..
 Ice Form                 Ice/Tmut       #.......     100%        4    #####..
 Blade Hands              Tmut           #.........   100%        5    ######.
 Lightning Bolt           Conj/Air       #.........   100%        5    ######.
 Metabolic Englaciation   Hex/Ice        #.........   100%        5    ######.
 Bolt of Cold             Conj/Ice       #.........   100%        6    #######
 Freezing Cloud           Conj/Ice/Air   #.........   100%        6    #######
 Ozocubu's Refrigeration  Ice            #.........   100%        6    #######
 Simulacrum               Ice/Necr       #.........   100%        6    #######


Dungeon Overview and Level Annotations

Branches:
Dungeon (12/15)            Temple (0/1) D:6            Lair (6/6) D:9
 Shoals (0/4) Lair:3        Snake (1/4) Lair:4        Slime (0/5) Lair:5
    Orc (0/2) D:11

Altars:
Ashenzari
Cheibriados
Elyvilon
Fedhas
Okawaru
Ru
Vehumet
Zin
The Shining One
Jiyva

Shops:
D:6 *

Annotations:
Lair:3 1 runed translucent door, Nr616's ghost, journeyman HOBe
Lair:5 1 runed translucent door


Innate Abilities, Weirdness & Mutations

You have razor-sharp teeth.
You heal very quickly.
When hurt, damage is shared between your health and your magic reserves.
Your bite disrupts and absorbs the magic of your enemies.
Potions cannot restore your health.
You are immune to rotting.


Message History

* * * LOW HITPOINT WARNING * * *
You see here a black mamba corpse.
You don't have enough magic at the moment.
You hit the salamander but do no damage.
You bite the salamander! You drain its power.
You feel invigorated.
The salamander is moderately wounded.
You hit the salamander.
You feel better.
The salamander hits you with a +0 trident!
* * * LOW HITPOINT WARNING * * *
You are engulfed in flames!
* * * LOW HITPOINT WARNING * * *
The salamander misses you.
You slice the salamander!! You bite the salamander! You drain its power.
You feel invigorated.
The salamander is severely wounded.
You slash the salamander!
You feel better.
The salamander hits you with a +0 trident.
* * * LOW HITPOINT WARNING * * *
You are engulfed in flames!
You die...

##.ā‰ˆPā™£ā‰ˆ.ā‰ˆ.....
..P.;........ .......
#.......... ......
#..)....... .....
#..)...#### ### ....
###....# ...###..#
#().### ....#...#
##.N.# ......#.#
#.(@N#
........######..#..#
.......#.##.#(.####.#
.......#.....### #.#
......##.....# #..
#....##......# #..
##..##.......# #.
###...........#
.............#.#


You could see 2 salamanders and an electric eel.

Vanquished Creatures
  Gastronok (D:11)
  4 dire elephants (Lair:6)
  Harold (Lair:1)
  An anaconda (Lair:6)
  2 naga warriors (Snake:1)
  4 hydras
  A two-headed ogre (D:9)
  7 death yaks
  Sonja (Lair:2)
  Nergalle (D:11)
  An unseen horror (D:9)
  An ugly thing (D:11)
  2 manticores (D:11)
  12 elephants
  A centaur zombie (D:10)
  12 spiny frogs
  8 black mambas
  2 torpor snails
  A komodo dragon (Lair:1)
  A troll (D:11)
  4 polar bears
  3 hornets (D:8)
  4 slime creatures (D:9)
  21 blink frogs
  15 dream sheep
  10 hippogriffs
  A basilisk (D:9)
  33 yaks
  A wraith (D:11)
  3 wyverns (D:9)
  A steam dragon (Lair:3)
  7 water moccasins
  5 nagas
  11 porcupines
  9 orc warriors
  A hornet zombie (D:8)
  3 black bears
  11 ogres
  3 phantoms
  An eye of draining (D:11)
  5 wolves (Lair:3)
  17 crocodiles
  14 centaurs
  3 big kobolds
  16 bullfrogs
  A wyvern zombie (D:8)
  A wyvern skeleton (D:7)
  4 scorpions
  9 killer bees
  5 howler monkeys
  7 crimson imps
  A bullfrog zombie (D:10)
  4 jellies
  2 quasits
  7 hounds
  A bullfrog skeleton (D:11)
  10 orc priests
  A centaur skeleton (D:10)
  An iron imp (D:9)
  An iguana (D:8)
  9 worker ants
  7 orc wizards
  A killer bee zombie (D:6)
  A hound zombie (D:8)
  2 hound skeletons
  2 worker ant zombies
  A gnoll (D:7)
  11 adders
  2 shadow imps
  4 adder skeletons
  2 adder zombies
  5 worms
  3 dart slugs
  7 leopard geckos
  45 orcs
  A ball python (D:6)
  A giant cockroach (D:2)
  6 goblins
  2 hobgoblins (D:1)
  8 jackals
  7 quokkas
  4 bats
  9 frilled lizards
  A giant cockroach zombie (D:5)
  2 goblin skeletons (D:9)
  8 kobolds
  2 kobold zombies (D:9)
  An orc skeleton (D:9)
  An orc zombie (D:9)
  6 rats
  A fungus (Lair:1)
  7 plants
490 creatures vanquished.

Vanquished Creatures (others)
  2 bushes (D:9)
  10 fungi
  25 plants
37 creatures vanquished.

Grand Total: 527 creatures vanquished

Notes
Turn   | Place    | Note
-------+----------+-------------------------------------------
     0 | D:1      | Kairos the Vine Stalker Fighter began the quest for the
                  | Orb.
     0 | D:1      | Reached XP level 1. HP: 11/11 MP: 2/2
   276 | D:1      | Reached XP level 2. HP: 12/16 MP: 3/3
   282 | D:1      | Reached skill level 2 in Axes
   600 | D:2      | Reached XP level 3. HP: 18/19 MP: 4/4
  1791 | D:3      | Gained mutation: Your natural rate of healing is unusually
                  | fast. [Vine Stalker growth]
  1791 | D:3      | Reached XP level 4. HP: 23/23 MP: 5/5
  1880 | D:3      | Found a radiant altar of Vehumet.
  2142 | D:3      | Found a blossoming altar of Fedhas.
  2221 | D:4      | Reached XP level 5. HP: 25/28 MP: 4/6
  2265 | D:4      | Found a sacrificial altar of Ru.
  2283 | D:4      | Reached skill level 3 in Axes
  2528 | D:4      | Found a white marble altar of Elyvilon.
  2582 | D:4      | Noticed an ogre
  2597 | D:4      | Killed an ogre
  2597 | D:4      | Reached skill level 1 in Dodging
  2597 | D:4      | Reached XP level 6. HP: 6/32 MP: 1/7
  2732 | D:4      | Reached skill level 4 in Axes
  2985 | D:4      | Found a snail-covered altar of Cheibriados.
  3009 | D:4      | Became a worshipper of Cheibriados the Contemplative
  3088 | D:5      | Entered Level 5 of the Dungeon
  3117 | D:5      | Reached XP level 7. HP: 36/36 MP: 6/8
  3664 | D:5      | Found a shattered altar of Ashenzari.
  3885 | D:5      | Reached * piety under Cheibriados
  3885 | D:5      | Reached skill level 5 in Axes
  4115 | D:6      | Found a glowing silver altar of Zin.
  4115 | D:6      | Found Zin's Purification Station.
  4172 | D:6      | Gained mutation: You have razor-sharp teeth. [Vine Stalker
                  | growth]
  4172 | D:6      | Reached XP level 8. HP: 36/40 MP: 9/9
  4204 | D:6      | Reached skill level 5 in Shields
  4270 | D:6      | Found a staircase to the Ecumenical Temple.
  4279 | D:6      | Reached skill level 6 in Axes
  4534 | D:6      | Reached ** piety under Cheibriados
  4778 | D:6      | Reached skill level 7 in Axes
  4943 | D:7      | Reached XP level 9. HP: 45/45 MP: 10/10
  5091 | D:7      | Reached *** piety under Cheibriados
  5491 | D:8      | Reached skill level 8 in Axes
  5816 | D:8      | Reached **** piety under Cheibriados
  5997 | D:8      | Noticed a hornet
  5997 | D:8      | Noticed a hornet
  5998 | D:8      | Noticed a hornet
  6005 | D:8      | Paralysed by a hornet for 3 turns
  6009 | D:8      | Killed a hornet
  6009 | D:8      | Reached XP level 10. HP: 32/51 MP: 3/11
  6017 | D:8      | Reached skill level 5 in Armour
  6019 | D:8      | Reached skill level 9 in Axes
  6727 | D:8      | Reached skill level 5 in Fighting
  6913 | D:9      | Reached skill level 1 in Stealth
  6948 | D:9      | Reached skill level 1 in Invocations
  6998 | D:9      | Found an iron altar of Okawaru.
  7060 | D:9      | Reached skill level 10 in Axes
  7073 | D:9      | Found a staircase to the Lair.
  7080 | D:9      | Got a smoking spear
  7081 | D:9      | Identified the +3 spear of Joyful Slaughter {flame, -Tele
                  | rF+ rC++} (You found it on level 9 of the Dungeon)
  7096 | D:9      | Reached ***** piety under Cheibriados
  7098 | D:9      | Reached XP level 11. HP: 52/56 MP: 12/14
  7204 | D:9      | Noticed a two-headed ogre
  7212 | D:9      | Killed a two-headed ogre
  7220 | D:9      | You fall through a shaft for 2 floors!
  7220 | D:11     | Noticed Nergalle
  7232 | D:11     | Killed Nergalle
  7252 | D:11     | Noticed a manticore
  7252 | D:11     | Noticed a manticore
  7257 | D:11     | Killed a manticore
  7264 | D:11     | Killed a manticore
  7300 | D:10     | Entered Level 10 of the Dungeon
  7446 | D:9      | Reached skill level 11 in Axes
  7466 | D:9      | Killed an unseen horror
  7466 | D:9      | Reached skill level 5 in Invocations
  7580 | D:9      | Found a glowing golden altar of the Shining One.
  7860 | D:10     | Learned a level 3 spell: Regeneration
  8315 | D:11     | Noticed Gastronok
  8324 | D:11     | Killed Gastronok
  8324 | D:11     | Gained mutation: You heal very quickly. [Vine Stalker
                  | growth]
  8324 | D:11     | Reached XP level 12. HP: 43/62 MP: 13/17
  8426 | D:11     | Reached ****** piety under Cheibriados
  8514 | D:11     | Reached skill level 12 in Axes
  8664 | D:11     | Found a staircase to the Orcish Mines.
  8828 | Lair:1   | Entered Level 1 of the Lair of Beasts
  8970 | Lair:1   | Noticed Harold
  8980 | Lair:1   | Killed Harold
  9529 | Lair:2   | Noticed Sonja
  9535 | Lair:2   | Killed Sonja
  9658 | Lair:2   | Noticed a six-headed hydra
  9666 | Lair:2   | Killed a six-headed hydra
  9758 | Lair:2   | Reached skill level 13 in Axes
 10311 | Lair:3   | Reached XP level 13. HP: 56/68 MP: 19/19
 10394 | Lair:3   | Reached skill level 1 in Polearms
 10460 | Lair:3   | Found a runed translucent door.
 10461 | Lair:3   | Identified the cursed +0 spear "Pucryl Fumox" {flame, rPois
                  | MR++ Stlth+}
 10466 | Lair:3   | Noticed Nr616's ghost (journeyman HOBe)
 10928 | Lair:3   | Found a staircase to the Shoals.
 11442 | Lair:4   | Found a staircase to the Snake Pit.
 12027 | Lair:5   | Got a pitted morningstar
 12160 | Lair:5   | Reached skill level 14 in Axes
 12263 | Lair:5   | Found a runed translucent door.
 12263 | Lair:5   | Found a viscous altar of Jiyva.
 12263 | Lair:5   | Found a staircase to the Slime Pits.
 12296 | Lair:5   | Reached XP level 14. HP: 70/74 MP: 18/20
 12456 | Lair:5   | Identified the +6 morningstar of Disharmony {freeze, rElec}
                  | (You found it on level 5 of the Lair of Beasts)
 12953 | Lair:6   | Entered Level 6 of the Lair of Beasts
 12978 | Lair:5   | Reached skill level 1 in Maces & Flails
 13811 | Lair:6   | Noticed a dire elephant
 13811 | Lair:6   | Noticed a dire elephant
 13824 | Lair:6   | Killed a dire elephant
 13824 | Lair:6   | Reached skill level 15 in Axes
 13825 | Lair:6   | Noticed a dire elephant
 13832 | Lair:6   | Killed a dire elephant
 13840 | Lair:6   | Killed a dire elephant
 13927 | Lair:6   | Noticed a dire elephant
 13937 | Lair:6   | Killed a dire elephant
 14049 | Lair:6   | Identified a scroll of acquirement
 14146 | Snake:1  | Entered Level 1 of the Snake Pit
 14271 | Snake:1  | HP: 3/76 [salamander/+0 trident (8)]
 14272 | Snake:1  | Slain by a salamander

Skill      XL: |  1  2  3  4  5  6  7  8  9 10 11 12 13 14 |
---------------+-------------------------------------------+-----
Shields        | 3 4 5 7 |  7.3
Axes           | 2 3 4 5 7 8 10 11 13 14 15 | 15.3
Fighting       | 3 4 5 6 7 8 9 |  9.9
Armour         | 3 4 5 6 7 8 9 |  9.6
Dodging        | 1 2 3 |  3.3
Stealth        | 1 2 |  2.0
Invocations    | 3 5 7 |  7.7
Polearms       | 2 |  2.0
Maces & Flails | 1 |  1.7
Evocations     | |  0.2

Action                   |  1- 3 |  4- 6 |  7- 9 | 10-12 | 13-15 || total
-------------------------+-------+-------+-------+-------+-------++-------
Melee: War axe           |   114 |   113 |   333 |    29 |       ||   589
       Bite              |    25 |    28 |   142 |   216 |   217 ||   628
       Battleaxe         |       |       |       |   344 |   355 ||   699
       Spear             |       |       |       |    31 |     4 ||    35
       Morningstar       |       |       |       |       |    21 ||    21
Invok: Bend Time         |       |       |     3 |     4 |    12 ||    19
Evoke: Wand              |       |       |       |     2 |     1 ||     3
  Use: Scroll            |     2 |     4 |     1 |     4 |    12 ||    23
       Potion            |       |       |       |     1 |       ||     1
  Eat: Chunk             |     2 |     5 |       |     6 |     3 ||    16
       Ration            |       |       |     2 |     4 |     4 ||    10
Armor: Scale mail        |    42 |    58 |    69 |       |       ||   169
       Plate armour      |       |       |    94 |   335 |   325 ||   754
Dodge: Dodged            |    36 |    37 |   112 |   273 |   377 ||   835
Block: Shield            |    63 |    66 |   211 |    22 |       ||   362
